 Dungeon Crawl Stone Soup version 0.31-a0-164-g2312942fda (webtiles) character file.

Game seed: 13345381079672436457

256 qw the Shooter (level 6, 0/37 HPs)
             Began as a Gargoyle Hunter on June 13, 2023.
             Engulfed by a steam dragon's steam (6 damage)
             ... on level 6 of the Dungeon.
             The game lasted 00:00:40 (1840 turns).

qw the Shooter (Gargoyle Hunter)                    Turns: 1840, Time: 00:00:41

Health: 0/37       AC:  8    Str: 15    XL:     6   Next: 15%
Magic:  6/6        EV: 11    Int:  9    God:
Gold:   123        SH:  0    Dex: 15    Spells: 5/5 levels left

rFire   . . .        Y - +0 shortbow
rCold   . . .        (shield currently unavailable)
rNeg    + . .        c - +0 leather armour
rPois   inf          (no helmet)
rElec   +            h - +0 cloak
rCorr   .            (no gloves)
SInv    .            (no boots)
Will    .....        (no amulet)
Stlth   ++           (no ring)
HPRegen 0.26/turn    (no ring)
MPRegen 0.10/turn

%: no passive effects
@: no status effects
A: sickness immunity, AC +4, negative energy resistance 1, electricity
resistance, torment resistance 1, petrification resistance
a: no special abilities


You were on level 6 of the Dungeon.
You visited 1 branch of the dungeon, and saw 4 of its levels.

You collected 123 gold pieces.


Innate Abilities, Weirdness & Mutations

You are immune to sickness and miasma.
Your stone body is resilient. (AC +4)
You are immune to poison.
You resist negative energy. (rN+)
You are resistant to electric shocks. (rElec)
You are resistant to unholy torment.
You are immune to petrification.


   Skills:
 + Level 3.4 Fighting
 - Level 6.1 Ranged Weapons
 - Level 2.9 Armour
 - Level 1.5 Dodging
 - Level 1.1 Stealth


You had 5 spell levels left.
You didn't know any spells.
Your spell library was empty.

Inventory:

Hand Weapons
 Y - a +0 shortbow (weapon)
Armour
 b - a +0 ring mail
 c - a +0 leather armour (worn)
 h - a +0 cloak (worn)
Potions
 a - a potion of berserk rage {unknown}
 e - a potion of curing
 f - a potion of ambrosia {unknown}
 g - a potion of mutation {unknown}

Dungeon Overview and Level Annotations

Branches:
Dungeon (6/15)
 Temple: D:4-7

Altars:
Qazlal
Ru
Zin


Message History

The ice beast hits you. The ice beast freezes you!
The ice beast barely misses you.
You shoot an arrow. The arrow closely misses the ice beast.
The ice beast barely misses you.
You shoot an arrow. The arrow closely misses the ice beast.
The ice beast closely misses you.
You shoot an arrow. The arrow hits the ice beast.
You kill the ice beast!
Your Armour skill gained 2 levels and is now at level 2!
You have reached level 6!
You start resting.
A steam dragon comes into view.
You shoot an arrow. The steam dragon hisses angrily.
The arrow hits the steam dragon.
The steam dragon is lightly wounded.
You shoot an arrow. The arrow hits the steam dragon.
The steam dragon is moderately wounded.
You shoot an arrow. The arrow hits the steam dragon!
The steam dragon is heavily wounded.
You shoot an arrow.
The arrow closely misses the steam dragon.
You shoot an arrow. The arrow hits the steam dragon.
The steam dragon is severely wounded.
You shoot an arrow. The arrow hits the steam dragon!
The steam dragon is almost dead.
The steam dragon breathes steam at you. The ball of steam hits you!
You hear a shout! x4
You shoot an arrow.
The arrow hits the steam dragon but does no damage.
The steam dragon is almost dead.
You are engulfed in a cloud of scalding steam.
The steam dragon barely misses you.
The steam dragon claws you but does no damage.
You shoot an arrow.
The arrow hits the steam dragon but does no damage.
The steam dragon is almost dead.
You are engulfed in a cloud of scalding steam.
You die...

######....####..........#
#............#..........#
#............#..........#
#............#..........#
#......................##
#......................#
#........####...........
..........# ....
>.......D@# ..
#............)..
...............
............)..
....####....... ....
....... ... ....... ..
.......


You could see a steam dragon (catching breath).

Vanquished Creatures
  An ice beast (D:6)
  An ogre (D:6)
  A sleepcap (D:2)
  2 worms (D:2)
  A dart slug (D:2)
  5 ball pythons
  7 endoplasms
  5 giant cockroaches
  2 hobgoblins (D:2)
  2 jackals (D:2)
  4 kobolds
  3 quokkas
  7 bats
  3 frilled lizards
  3 goblins
  A rat (D:1)
48 creatures vanquished.

Notes
Turn   | Place    | Note
-------+----------+-------------------------------------------
     0 | D:1      | qw the Gargoyle Hunter began the quest for the Orb.
     0 | D:1      | Reached XP level 1. HP: 12/12 MP: 1/1
     0 | D:1      | 0 ||| qw: Version: 0.2-a-29-gc1b59c4
     0 | D:1      | 0 ||| qw: Game counter: 4587
     0 | D:1      | 0 ||| qw: Always use a shield: true
     0 | D:1      | 0 ||| qw: God list: Okawaru
     0 | D:1      | 0 ||| qw: Allow faded altars: false
     0 | D:1      | 0 ||| qw: Do Orc after D:15 true
     0 | D:1      | 0 ||| qw: Do second Lair branch before Depths: true
     0 | D:1      | 0 ||| qw: Lair rune preference: random
     0 | D:1      | 0 ||| qw: Plans: Normal, Zot:1-4, Slime:5, God:TSO, Crypt,
                  | Tomb, Abyss, Pan, Hells, Win
     0 | D:1      | 0 ||| PLANNING D:1-11
   161 | D:1      | Reached XP level 2. HP: 14/17 MP: 2/2
   479 | D:1      | 479 ||| UPGRADING to +0 cloak.
   520 | D:1      | 520 ||| READING scroll labelled QAIFYA AXEOT.
   954 | D:1      | 954 ||| DROPPING scroll of butterflies.
  1003 | D:2      | Reached XP level 3. HP: 21/21 MP: 3/3
  1016 | D:2      | Found a faded altar of an unknown god.
  1020 | D:2      | Reached skill level 5 in Ranged Weapons
  1260 | D:2      | Reached skill level 3 in Fighting
  1260 | D:2      | Reached XP level 4. HP: 23/28 MP: 4/4
  1630 | D:2      | 1630 ||| READING scroll labelled XIPHOF SOBOANN.
  1635 | D:2      | 1635 ||| DRINKING 2 murky clear potions.
  1672 | D:3      | You fall into a shaft and drop 3 floors!
  1720 | D:6      | Noticed an ogre
  1725 | D:6      | Killed an ogre
  1726 | D:6      | Reached skill level 6 in Ranged Weapons
  1726 | D:6      | Reached XP level 5. HP: 32/32 MP: 5/5
  1732 | D:6      | Found a glowing silver altar of Zin.
  1732 | D:6      | Found a sacrificial altar of Ru.
  1732 | D:6      | Found a stormy altar of Qazlal.
  1763 | D:6      | Noticed an ice beast
  1781 | D:6      | HP: 6/32 [ice beast (9)]
  1784 | D:6      | Killed an ice beast
  1785 | D:6      | Reached XP level 6. HP: 8/37 MP: 6/6
  1832 | D:6      | Noticed a steam dragon
  1838 | D:6      | HP: 6/37 [steam dragon/ball of steam (16)]
  1840 | D:6      | Engulfed by a steam dragon's steam

Levels and vault maps discovered:
D:1:      nzn_arrival_settlement, layout_basic, serial_glass, glass_columns_c,
          glass_columns_a, glass_columns_c, glass_columns_a, glass_columns_b,
          glass_columns_b, glass_columns_a, glass_columns_a
D:2:      layout_loops_ring, shapermc_ecumenical_altar_rom_forum,
          serial_bayou_pond_c
D:3:      layout_basic, uniq_crazy_yiuf_cottage
D:6:      layout_basic, gammafunk_temple_overflow_claw,
          nicolae_shop_firing_range

Skill      XL: |  1  2  3  4  5 |
---------------+----------------+-----
Ranged Weapons | 5 6 |  6.1
Fighting       | 3 |  3.4
Armour         | 2 |  2.9
Dodging        | |  1.5
Stealth        | |  1.1

Action                     |  1- 3 |  4- 6 || total
---------------------------+-------+-------++-------
   Fire: Shortbow          |    96 |    75 ||   171
    Use: Scroll            |     1 |     1 ||     2
         Potion            |       |     1 ||     1
 Armour: Leather armour    |    16 |    17 ||    33
  Dodge: Dodged            |     9 |    15 ||    24

Table legend:
 A = Non-vault XP
 B = Vault XP
 C = Vault XP percentage of total XP
 D = Non-vault monster count
 E = Vault monster count
 F = Vault count percentage of total count
                 A         B        C        D         E       F
            +---------+---------+-------+---------+---------+-------
      Total |     366 |       0 |   0.0 |      48 |       0 |   0.0
            +---------+---------+-------+---------+---------+-------
        D:1 |      33 |       0 |   0.0 |      20 |       0 |   0.0
        D:2 |      85 |       0 |   0.0 |      24 |       0 |   0.0
        D:3 |       3 |       0 |   0.0 |       2 |       0 |   0.0
        D:6 |     245 |       0 |   0.0 |       2 |       0 |   0.0
            +---------+---------+-------+---------+---------+-------
